 Dungeon Crawl Stone Soup version 0.28.0-43-g3370ac3207 (webtiles) character file.

Game seed: 5691161958480767322

507 lonewolfV2 the Chopper (level 7, -9/56 (61) HPs)
             Began as a Hill Orc Fighter on Mar 4, 2022.
             Was a Follower of Beogh.
             Mangled by an orc warrior
             ... wielding a +0 mace
              (14 damage)
             ... on level 5 of the Dungeon.
             The game lasted 00:06:31 (4870 turns).

lonewolfV2 the Chopper (Hill Orc Fighter)           Turns: 4870, Time: 00:06:31

HP:   -9/56 (61)    AC:  6    Str: 21    XL:     7   Next: 18%
MP:   7/7           EV: 10    Int:  8    God:    Beogh [*.....]
Gold: 181           SH:  4    Dex: 10    Spells: 6/6 levels left

rFire   . . .      SeeInvis .   a - +0 war axe
rCold   + . .      Faith    .   c - +0 buckler
rNeg    . . .      Spirit   .   f - +0 ring mail "Doigug" {rC+}
rPois   .          Reflect  .   (no helmet)
rElec   .          Harm     .   (no cloak)
rCorr   .          Rampage  .   (no gloves)
Will    .....                   (no boots)
Stlth   +.........              (no amulet)
HPRegen 0.18/turn               (no ring)
MPRegen 0.10/turn               (no ring)

@: drained
A: no striking features
a: Renounce Religion


You were on level 5 of the Dungeon.
You worshipped Beogh.
Beogh was aware of your devotion.
You visited 1 branch of the dungeon, and saw 5 of its levels.

You collected 181 gold pieces.

Inventory:

Hand Weapons
 a - a +0 war axe (weapon)
Armour
 b - a +0 scale mail
 c - a +0 buckler (worn)
 f - the +0 ring mail "Doigug" (worn) {rC+}
   (You found it on level 2 of the Dungeon)

   rC:        It protects you from cold.
 i - the +5 leather armour "Tosoemeg" {rCorr MP+9 Str+7 Dex-5}
   (You found it on level 3 of the Dungeon)

   Str:       It affects your strength (+7).
   Dex:       It affects your dexterity (-5).
   MP:        It affects your magic capacity (+9).
   rCorr:     It protects you from acid and corrosion.
Scrolls
 h - a scroll of magic mapping
 j - 2 scrolls of teleportation
Potions
 d - a potion of attraction {unknown}
 e - 2 potions of mutation {unknown}
 g - 3 potions of brilliance {unknown}


   Skills:
 + Level 5.0 Fighting
 + Level 6.2 Axes
 + Level 5.1 Armour
 + Level 1.5 Dodging
 + Level 0.2 Stealth
 + Level 4.4 Shields


You had 6 spell levels left.
You didn't know any spells.
Your spell library was empty.

Dungeon Overview and Level Annotations

Branches:
Dungeon (5/15)
 Temple: D:4-7

Altars:
Nemelex Xobeh
Uskayaw


Message History

Beogh accepts your kill.
You hit the orc. You block the orc's attack.
An orc warrior comes into view. It is wielding a +0 mace.
The orc hits you with a +2 falchion of draining.
You feel drained. You block the orc's attack.
You hit the orc priest.
The orc priest is moderately wounded.
You slash the orc!
You kill the orc!
Beogh accepts your kill.
The orc priest sneers, "Your disguise cannot fool me."
The orc hits you from afar with a +1 trident of holy wrath.
You hit the orc.
The orc is moderately wounded.
You barely miss the orc priest. The orc hits you but does no damage.
The orc priest hits you but does no damage.
The orc misses you.
Unknown command.
You barely miss the orc.
The orc is moderately wounded.
You barely miss the orc priest. The orc barely misses you.
The orc priest hits you with a +0 hand axe.
The orc barely misses you.
You barely miss the orc.
The orc is moderately wounded.
You hit the orc priest. The orc hits you with a +0 flail.
The orc priest closely misses you. You block the orc's attack.
The orc priest hits you with a +0 hand axe.
Unknown command.
You barely miss the orc warrior. You closely miss the orc priest.
The orc closely misses you. The orc priest misses you.
The orc hits you from afar with a +1 trident of holy wrath!
Unknown command.
You closely miss the orc warrior. You closely miss the orc priest.
The orc warrior hits you with a +0 mace!
* * * LOW HITPOINT WARNING * * *
The orc priest barely misses you. The orc hits you but does no damage.
The orc warrior hits you with a +0 mace!
You die...
Beogh appreciates the orc warrior's killing of a heretic priest.

## #8## ....#
###o.## ###@oo..#
#..o#o)## #...#
...# #...## 8##
#....# #
###.##.###########
#.................
...........########
####.#####.##


You could see an orc warrior, 2 orc priests and 2 orcs.

Vanquished Creatures
  An ogre (D:5)
  A phantom (D:4)
  An orc priest (D:3)
  A jelly (D:4)
  2 hounds
  Natasha (thrice) (D:3)
  An orc wizard (D:4)
  Robin (D:4)
  2 adders
  An adder skeleton (D:4)
  A worm (D:4)
  10 orcs
  6 endoplasms
  2 giant cockroaches (D:1)
  15 goblins
  9 hobgoblins
  4 jackals (D:1)
  8 kobolds
  A quokka (D:3)
  5 ball pythons
  6 bats
  5 frilled lizards
  A jackal skeleton (D:3)
  7 rats
94 creatures vanquished.

Vanquished Creatures (others)
  4 orcs (D:3)
  A hobgoblin (D:3)
  39 plants (D:3)
44 creatures vanquished.

Grand Total: 138 creatures vanquished

Notes
Turn   | Place    | Note
-------+----------+-------------------------------------------
     0 | D:1      | lonewolfV2 the Hill Orc Fighter began the quest for the
                  | Orb.
     0 | D:1      | Reached XP level 1. HP: 19/19 MP: 1/1
   133 | D:1      | Reached XP level 2. HP: 27/27 MP: 2/2
   353 | D:1      | Reached skill level 3 in Axes
   738 | D:1      | Reached XP level 3. HP: 33/33 MP: 3/3
   955 | D:2      | Identified the +0 ring mail "Doigug" {rC+}
  1533 | D:2      | Found a faded altar of an unknown god.
  1993 | D:3      | Noticed Natasha
  1999 | D:3      | Killed Natasha
  2000 | D:3      | Reached XP level 4. HP: 19/40 MP: 4/4
  2007 | D:3      | Reached skill level 4 in Axes
  2204 | D:3      | Identified the +5 leather armour "Tosoemeg" {rCorr MP+9
                  | Str+7 Dex-5}
  2485 | D:3      | Became a worshipper of Beogh the Brigand
  2687 | D:3      | Noticed Natasha
  2704 | D:3      | Killed Natasha
  2705 | D:3      | Reached XP level 5. HP: 13/47 MP: 5/5
  2996 | D:3      | Reached skill level 1 in Dodging
  3100 | D:3      | Noticed Natasha
  3107 | D:3      | Killed Natasha
  3580 | D:4      | Reached skill level 5 in Axes
  3831 | D:4      | Reached XP level 6. HP: 45/53 MP: 6/6
  3937 | D:4      | Found a hide-covered altar of Uskayaw.
  3938 | D:4      | Noticed a +0 hand axe
  3938 | D:4      | Noticed a +0 hand axe
  4249 | D:4      | Noticed Robin
  4253 | D:4      | Reached * piety under Beogh
  4257 | D:4      | Killed Robin
  4489 | D:4      | Found a sparkling altar of Nemelex Xobeh.
  4780 | D:5      | Entered Level 5 of the Dungeon
  4841 | D:5      | Reached skill level 6 in Axes
  4841 | D:5      | Reached skill level 5 in Armour
  4841 | D:5      | Reached XP level 7. HP: 60/60 MP: 7/7
  4860 | D:5      | Reached skill level 5 in Fighting
  4870 | D:5      | Mangled by an orc warrior

Illustrated notes

Levels and vault maps discovered:
D:1:      dpeg_arrival_short_road, layout_loops_ring
D:2:      layout_loops_ring, shapermc_ecumenical_altar_pompeii,
          minmay_pentomino_u2
D:3:      layout_loops_ring, serial_bayou, serial_bayou_pond_b,
          serial_bayou_crossing, serial_bayou_pond_c, serial_bayou_ford_a,
          uniq_natasha
D:4:      layout_gridville, kennysheep_little_box, dancing_weapons_uskayaw,
          uniq_robin
D:5:      lemuel_insect_pit, layout_rooms, lemuel_coloured_pillars_altar,
          pf_guarded_unrand_meek

Skill      XL: |  1  2  3  4  5  6  7 |
---------------+----------------------+-----
Fighting       | 4 5 |  5.0
Axes           | 3 4 5 6 |  6.2
Armour         | 4 5 |  5.1
Dodging        | 1 |  1.5
Shields        | 4 |  4.4
Stealth        | |  0.2

Action                   |  1- 3 |  4- 6 |  7- 9 || total
-------------------------+-------+-------+-------++-------
Melee: War axe           |    91 |   132 |    13 ||   236
Invok: Convert to Beogh  |       |     1 |       ||     1
  Use: Scroll            |     2 |     4 |       ||     6
       Potion            |       |     2 |       ||     2
Armor: Scale mail        |    34 |       |       ||    34
       Ring mail         |    11 |    84 |     5 ||   100
Dodge: Dodged            |    52 |    80 |    11 ||   143
Block: Buckler           |    23 |    45 |     4 ||    72
